AoeStats
← Nexblux

Arena

506068895Analyzed
3v3 RM · 21d ago on Sep 12, 2026· 76m 52s· 6 players
Game mode
Random Map
Map size
Normal (6 player)
Population
200
Speed
Normal
Resources
Standard
Victory
Conquest
Starting age
Dark Age
Ending age
Imperial Age
RankedLock teamsTeams togetherTeam positionsShared explorationLock speedFull tech treeHidden civsTurbo modeCheats
Victory
Defeat
🇩🇪 Chinese · Germany
1080
+16
🇨🇳 Magyars · China
1056
+17
🇺🇸 Huns · United States
1053
+17
🇲🇽 Poles · Mexico
1209
-23
🇲🇽 Berbers · Mexico
1057
-16
🇦🇷 Hindustanis · Argentina
946
-11
Sonhero1
2:48 Loom
11:14 Feudal Age
13:06 Horse Collar
16:59 Castle Age
15:05 Double-Bit Axe
17:03 Wheelbarrow
16:44 Gold Mining
18:19 Bow Saw
18:16 Stone Mining
24:03 Heavy Plow
25:25 Hand Cart
28:29 Bloodlines
28:30 Town Watch
29:13 Pikeman
32:57 Imperial Age
31:17 Marauders
31:24 Scale Barding Armor
31:19 Scale Mail Armor
31:29 Forging
33:32 Chain Mail Armor
33:37 Chain Barding Armor
34:17 Conscription
34:07 Squires
34:34 Husbandry
34:38 Caravan
36:42 Chemistry
36:03 Ballistics
37:54 Chain Barding Armor
38:09 Iron Casting
38:31 Halberdier
39:50 Guilds
42:46 Plate Barding Armor
42:47 Iron Casting
43:32 Town Patrol
45:47 Two-Man Saw
47:43 Blast Furnace
48:06 Padded Archer Armor
47:56 Fletching
48:29 Elite Skirmisher
49:15 Thumb Ring
50:57 Bodkin Arrow
51:17 Leather Archer Armor
51:54 Gold Shaft Mining
52:32 Bracer
54:30 Elite Tarkan
74:03 Man-at-Arms
956068430
10:57 Feudal Age
15:22 Castle Age
13:31 Double-Bit Axe
17:21 Wheelbarrow
16:31 Horse Collar
21:09 Bow Saw
22:21 Gold Mining
23:38 Heavy Plow
24:13 Stone Mining
25:48 Gold Shaft Mining
26:15 Hand Cart
30:05 Imperial Age
27:25 Loom
27:25 Town Watch
28:20 Ballistics
28:06 Padded Archer Armor
27:57 Fletching
28:16 Thumb Ring
29:22 Leather Archer Armor
29:55 Bodkin Arrow
30:43 Corvinian Army
30:51 Scale Barding Armor
31:35 Conscription
31:47 Parthian Tactics
31:41 Town Patrol
32:16 Chain Barding Armor
31:57 Bracer
32:43 Recurve Bow
32:45 Heavy Cavalry Archer
35:31 Chemistry
35:10 Plate Barding Armor
35:06 Ring Archer Armor
36:35 Scale Mail Armor
37:41 Two-Man Saw
37:13 Crop Rotation
37:28 Hoardings
38:46 Bloodlines
38:36 Husbandry
38:20 Elite Magyar Huszar
YourCommunistMama
10:46 Feudal Age
15:03 Castle Age
13:37 Horse Collar
14:17 Double-Bit Axe
16:39 Bow Saw
22:58 Heavy Plow
23:38 Wheelbarrow
22:53 Town Watch
23:33 Fletching
24:31 Stone Mining
24:32 Gold Mining
24:38 Gold Mining
25:07 Bodkin Arrow
26:38 Hand Cart
26:09 Loom
26:38 Padded Archer Armor
30:14 Imperial Age
28:39 Leather Archer Armor
28:55 Heated Shot
29:30 Ballistics
30:04 Masonry
30:00 Great Wall
30:37 Fortified Wall
30:37 Thumb Ring
31:39 Conscription
31:23 Bracer
32:35 Chemistry
32:06 Architecture
33:06 Ring Archer Armor
32:51 Elite Chu Ko Nu
34:46 Gold Shaft Mining
36:51 Scale Barding Armor
36:57 Forging
37:46 Rocketry
38:03 Scale Mail Armor
38:52 Chain Barding Armor
37:56 Elite Fire Lancer
38:38 Squires
40:04 Chain Mail Armor
40:24 Iron Casting
41:53 Husbandry
42:03 Bloodlines
42:37 Plate Mail Armor
43:06 Iron Casting
41:55 Light Cavalry
43:24 Plate Barding Armor
43:40 Stone Shaft Mining
48:00 Blast Furnace
48:31 Heavy Rocket Cart
51:05 Caravan
51:46 Capped Ram
51:55 Pikeman
52:29 Pikeman
53:09 Siege Ram
55:43 Halberdier
61:45 Arson
65:05 Heavy Scorpion
65:09 Cavalier
65:18 Man-at-Arms
67:06 Two-Man Saw
66:35 Bombard Tower
66:00 Arrowslits
66:07 Guard Tower
66:22 Siphons
66:38 Shipwright
66:08 Heated Shot
66:29 Clinker Construction
66:31 Careening
66:16 Long Swordsman
67:12 Two-Handed Swordsman
67:13 Elite Skirmisher
67:14 Heavy Cavalry Archer
67:17 Elite Skirmisher
67:17 Crossbowman
68:38 Coinage
68:59 Keep
68:21 Murder Holes
68:27 Champion
68:59 Arbalester
70:20 Town Patrol
70:30 Atonement
70:41 Fervor
70:56 Illumination
70:47 Block Printing
70:28 Herbal Medicine
71:09 Theocracy
70:34 Devotion
71:14 Banking
70:17 Sappers
71:13 Devotion
71:33 Sanctity
76:36 Spies/Treason
Canek
10:09 Feudal Age
9:26 Loom
16:07 Castle Age
16:23 Double-Bit Axe
16:21 Horse Collar
17:56 Stone Mining
19:00 Bow Saw
21:22 Light Cavalry
24:26 Forging
24:31 Fervor
24:34 Gold Mining
25:36 Fletching
29:00 Heavy Plow
33:57 Imperial Age
32:44 Padded Archer Armor
32:39 Bodkin Arrow
35:06 Conscription
35:46 Wheelbarrow
36:14 Hoardings
36:18 Heavy Camel Rider
37:18 Leather Archer Armor
39:03 Husbandry
39:14 Bloodlines
41:14 Chemistry
41:13 Bracer
42:53 Treadmill Crane
43:23 Masonry
43:46 Ring Archer Armor
43:25 Scale Barding Armor
45:37 Crop Rotation
45:48 Gold Shaft Mining
45:50 Stone Shaft Mining
45:19 Scale Mail Armor
45:57 Iron Casting
45:02 Elite Genitour
46:58 Fortified Wall
47:08 Hand Cart
62:34 Ballistics
69:48 Scale Mail Armor
70:31 Thumb Ring
FlashKiller
10:30 Feudal Age
8:46 Loom
15:27 Castle Age
13:25 Double-Bit Axe
13:52 Horse Collar
14:37 Fletching
16:13 Wheelbarrow
16:53 Bow Saw
23:37 Heavy Plow
24:09 Gold Mining
28:32 Imperial Age
26:58 Forging
26:55 Scale Barding Armor
27:15 Hand Cart
29:15 Szlachta Privileges
29:22 Bloodlines
29:13 Husbandry
29:07 Cavalier
31:08 Chain Barding Armor
32:41 Iron Casting
32:47 Fortified Wall
34:16 Chemistry
39:05 Blast Furnace
38:06 Light Cavalry
41:48 Siege Engineers
46:54 Stone Mining
56:26 Caravan
Nexblux
10:08 Feudal Age
10:35 Double-Bit Axe
13:40 Loom
17:23 Castle Age
16:13 Horse Collar
17:12 Gold Mining
18:22 Bow Saw
18:53 Heavy Plow
20:07 Town Watch
20:28 Stone Mining
22:42 Scale Barding Armor
23:55 Wheelbarrow
25:53 Hand Cart
26:26 Chain Barding Armor
27:15 Gold Shaft Mining
31:46 Imperial Age
30:38 Town Patrol
31:18 Stone Shaft Mining
31:56 Grand Trunk Road
32:10 Forging
32:00 Scale Mail Armor
33:15 Heavy Camel Rider
35:27 Plate Barding Armor
37:07 Imperial Camel Rider
38:51 Conscription
43:47 Ballistics
44:43 Two-Man Saw
45:50 Fletching
46:00 Padded Archer Armor
46:43 Bodkin Arrow
47:04 Chain Mail Armor
47:25 Iron Casting
46:59 Elite Skirmisher
52:43 Bracer
52:59 Leather Archer Armor
53:10 Leather Archer Armor
56:00 Ring Archer Armor
54:57 Light Cavalry
55:48 Bloodlines
55:38 Husbandry
56:41 Hussar
61:46 Chemistry
Connection lost

Rejoining the realm…

Still unreachable

The connection could not be restored.

Session expired

The server has moved on; the page needs a fresh start.